 Dungeon Crawl Stone Soup version 0.29.0-4-gdea44cf6ec (webtiles) character file.

Game seed: 12652705324402947794

261 qw the Chopper (level 6, -3/51 HPs)
             Began as a Ghoul Summoner on Sept 9, 2022.
             Slain by a gnoll
             ... wielding a +0 halberd
             ... led by a gnoll bouda
              (6 damage)
             ... on level 5 of the Dungeon.
             The game lasted 00:01:35 (4719 turns).

qw the Chopper (Ghoul Summoner)                     Turns: 4719, Time: 00:01:36

Health: -3/51      AC:  8    Str: 14    XL:     6   Next: 18%
Magic:  7/7        EV:  6    Int: 10    God:
Gold:   261        SH:  0    Dex:  9    Spells: 7/8 levels left

rFire   . . .      SeeInvis .   Y - +0 war axe
rCold   + . .      Faith    .   (no shield)
rNeg    + + +      Spirit   .   g - +0 chain mail
rPois   inf        Reflect  .   (no helmet)
rElec   .          Harm     .   (no cloak)
rCorr   .          Rampage  .   (no gloves)
Will    .....                   (no boots)
Stlth   ..........              (no amulet)
HPRegen 0.00/turn               (no ring)
MPRegen 0.10/turn               (no ring)

@: inhibited regen
A: claws 1, cold resistance 1, negative energy resistance 3, inhibited
regeneration, torment resistance 2, devour on kill
a: no special abilities


You were on level 5 of the Dungeon.
You visited 1 branch of the dungeon, and saw 5 of its levels.

You collected 286 gold pieces.
You spent 25 gold pieces at shops.


Innate Abilities, Weirdness & Mutations

You are immune to poison.
You have sharp fingernails.
Your flesh is cold resistant. (rC+)
You are immune to negative energy. (rN+++)
You do not regenerate when monsters are visible.
You are immune to unholy pain and torment.
You thrive by killing the living.


   Skills:
 - Level 3.3 Fighting
 + Level 4.1 Axes
 - Level 1.0 Armour
 - Level 1.7 Dodging
 - Level 2.1 Stealth
 - Level 1.7 Spellcasting
 - Level 3.6 Summonings


You had 7 spell levels left.
You knew the following spells:

 Your Spells              Type           Power      Damage    Failure   Level
a - Summon Small Mammal   Summ           32%        N/A       91%         1

Your spell library contained the following spells:

 Spells                   Type           Power      Damage    Failure   Level
 Call Imp                 Summ           8%         N/A       97%         2
 Call Canine Familiar     Summ           8%         N/A       99%         3
 Summon Guardian Golem    Hex/Summ       4%         N/A       100%        3
 Summon Lightning Spire   Summ/Air       4%         N/A       100%        4

Inventory:

Hand Weapons
 c - a +2 hand axe of flaming
 Y - a +0 war axe (weapon)
Armour
 g - a +0 chain mail (worn)
Scrolls
 a - a scroll of enchant armour
 f - 2 scrolls of identify
Potions
 b - a potion of haste
 d - 2 potions of curing
 j - a potion of resistance

Dungeon Overview and Level Annotations

Branches:
Dungeon (5/15)
 Temple: D:4-7

Altars:

Shops:
D:1 ([*!


Message History

The gnoll bouda hits you but does no damage.
The howler monkey hits you but does no damage.
The gnoll hits you from afar with a +0 halberd.
The gnoll hits you but does no damage.
You barely miss the gnoll.
The gnoll is severely wounded.
You closely miss the gnoll bouda. You hit the howler monkey.
The howler monkey barely misses you. The gnoll hits you but does no damage.
The gnoll hits you with a +0 club.
The gnoll bouda barks out a call to the hunt!
The howler monkey hoots and howls with incredible vigour!
You hear a bark!
You completely miss the gnoll.
The gnoll is severely wounded.
You closely miss the howler monkey. You barely miss the gnoll bouda.
The gnoll hits you but does no damage. The gnoll hits you with a +0 club.
The gnoll bouda hits you but does no damage.
The howler monkey hits you.
4717 ||| DRINKING potion of heal wounds.
You feel much better. The gnoll closely misses you.
The gnoll hits you but does no damage.
The howler monkey hits you but does no damage.
The gnoll bouda hits you with a +0 whip!
You barely miss the gnoll. Your claw misses the gnoll.
The gnoll is severely wounded.
You hit the howler monkey but do no damage.
You closely miss the gnoll bouda.
The howler monkey hits you but does no damage.
The gnoll hits you from afar with a +0 halberd.
The gnoll hits you with a +0 club.
The gnoll bouda hits you with a +0 whip!
The howler monkey hits you but does no damage.
The gnoll hits you but does no damage. x2
You hit the gnoll.
You kill the gnoll!
You feel better.
You barely miss the howler monkey. You hit the gnoll bouda.
The gnoll bouda hits you with a +0 whip.
The howler monkey hits you but does no damage.
The gnoll hits you from afar with a +0 halberd.
You die...

#.# #.# #.# #>#
#.## #..# ##.##
########)..##.#
.......@h.....#
########g..####
##g## .g.# #.##
..# g#


You could see a gnoll bouda, a howler monkey and 2 gnolls.

Vanquished Creatures
  A black bear (D:4)
  A jelly (D:5)
  3 gnolls
  5 adders
  A worm (D:2)
  A dart slug (D:4)
  10 orcs
  A bat (D:3)
  3 endoplasms
  4 giant cockroaches
  8 goblins
  8 hobgoblins
  2 jackals (D:1)
  A quokka (D:4)
  5 ball pythons
  A frilled lizard (D:1)
  4 kobolds
  2 rats
61 creatures vanquished.

Vanquished Creatures (collateral kills)
  A goblin (D:1)
  A hobgoblin (D:2)
  A ball python (D:2)
  2 rats
5 creatures vanquished.

Vanquished Creatures (others)
  A plant (D:1)
1 creature vanquished.

Grand Total: 67 creatures vanquished

Notes
Turn   | Place    | Note
-------+----------+-------------------------------------------
     0 | D:1      | qw the Ghoul Summoner began the quest for the Orb.
     0 | D:1      | Reached XP level 1. HP: 14/14 MP: 2/2
     0 | D:1      | 0 ||| qw: Version: 0.1-a-113-g051387a
     0 | D:1      | 0 ||| qw: Game counter: 7139
     0 | D:1      | 0 ||| qw: Always use a shield: true
     0 | D:1      | 0 ||| qw: God list: Okawaru
     0 | D:1      | 0 ||| qw: Allow faded altars: false
     0 | D:1      | 0 ||| qw: Do Orc after D:15 true
     0 | D:1      | 0 ||| qw: Do second Lair branch before Depths: true
     0 | D:1      | 0 ||| qw: Lair rune preference: random
     0 | D:1      | 0 ||| qw: Plans: Normal
     0 | D:1      | 0 ||| PLANNING D:1-11
    24 | D:1      | 24 ||| Wielding weapon +2 hand axe of flaming.
   107 | D:1      | 107 ||| CASTING Summon Small Mammal
   108 | D:1      | 108 ||| CASTING Summon Small Mammal
   134 | D:1      | 134 ||| CASTING Summon Small Mammal
   135 | D:1      | 135 ||| CASTING Summon Small Mammal
   178 | D:1      | 178 ||| CASTING Summon Small Mammal
   179 | D:1      | 179 ||| CASTING Summon Small Mammal
   189 | D:1      | Reached skill level 1 in Axes
   281 | D:1      | 281 ||| CASTING Summon Small Mammal
   282 | D:1      | 282 ||| CASTING Summon Small Mammal
   291 | D:1      | Reached skill level 1 in Fighting
   291 | D:1      | Reached XP level 2. HP: 21/23 MP: 0/3
   323 | D:1      | Found Berou's Armour Emporium.
   332 | D:1      | 332 ||| SHOPLISTING +0 crystal plate armour (800 gold, have
                  | 5).
   332 | D:1      | 332 ||| SHOPLISTING +0 plate armour of cold resistance (300
                  | gold, have 5).
   332 | D:1      | 332 ||| SHOPLISTING +0 ring mail (40 gold, have 5).
   332 | D:1      | 332 ||| SHOPLISTING +2 leather armour of cold resistance
                  | (190 gold, have 5).
   332 | D:1      | 332 ||| SHOPLISTING +3 plate armour of cold resistance (450
                  | gold, have 5).
   424 | D:1      | 424 ||| CASTING Summon Small Mammal
   425 | D:1      | 425 ||| CASTING Summon Small Mammal
   426 | D:1      | 426 ||| CASTING Summon Small Mammal
   491 | D:1      | 491 ||| CASTING Summon Small Mammal
   492 | D:1      | 492 ||| CASTING Summon Small Mammal
   493 | D:1      | 493 ||| CASTING Summon Small Mammal
   649 | D:1      | Found Gyfuzxub's Distillery.
   657 | D:1      | 657 ||| SHOPLISTING potion of heal wounds (50 gold, have
                  | 43).
   693 | D:1      | Found Comarun's Assorted Antiques.
   701 | D:1      | 701 ||| SHOPLISTING pair of embroidered gloves (187 gold,
                  | have 43).
   701 | D:1      | 701 ||| SHOPLISTING runed scale mail (175 gold, have 43).
   701 | D:1      | 701 ||| BUYING scroll labelled KUYLLOAPLU (25 gold).
   701 | D:1      | Bought a scroll labelled KUYLLOAPLU for 25 gold pieces
   701 | D:1      | 701 ||| SHOPLISTING thick malachite amulet (125 gold, have
                  | 18).
   746 | D:1      | 746 ||| CASTING Summon Small Mammal
   747 | D:1      | 747 ||| CASTING Summon Small Mammal
   748 | D:1      | 748 ||| CASTING Summon Small Mammal
   809 | D:1      | 809 ||| CASTING Summon Small Mammal
   810 | D:1      | 810 ||| CASTING Summon Small Mammal
   811 | D:1      | 811 ||| CASTING Summon Small Mammal
   962 | D:1      | 962 ||| CASTING Summon Small Mammal
   963 | D:1      | 963 ||| CASTING Summon Small Mammal
   964 | D:1      | 964 ||| CASTING Summon Small Mammal
   969 | D:1      | 969 ||| Stepping ~*~*~tactically~*~*~ (stealth).
   982 | D:1      | Reached XP level 3. HP: 28/28 MP: 1/4
  1010 | D:1      | Found Cecill's Weapon Shoppe.
  1166 | D:1      | 1166 ||| CASTING Summon Small Mammal
  1167 | D:1      | 1167 ||| CASTING Summon Small Mammal
  1168 | D:1      | 1168 ||| CASTING Summon Small Mammal
  1169 | D:1      | 1169 ||| CASTING Summon Small Mammal
  1357 | D:1      | 1357 ||| READING scroll labelled AMIGGY JAQONO.
  1358 | D:1      | 1358 ||| READING scroll labelled KUYLLOAPLU.
  1359 | D:1      | 1359 ||| DROPPING potion of magic.
  1393 | D:2      | 1393 ||| CASTING Summon Small Mammal
  1394 | D:2      | 1394 ||| STAIRDANCE
  1406 | D:2      | 1406 ||| CASTING Summon Small Mammal
  1407 | D:2      | 1407 ||| STAIRDANCE
  1419 | D:2      | 1419 ||| CASTING Summon Small Mammal
  1420 | D:2      | 1420 ||| STAIRDANCE
  1431 | D:2      | 1431 ||| CASTING Summon Small Mammal
  1432 | D:2      | 1432 ||| STAIRDANCE
  1444 | D:2      | 1444 ||| CASTING Summon Small Mammal
  1446 | D:2      | 1446 ||| STAIRDANCE
  1495 | D:2      | 1495 ||| CASTING Summon Small Mammal
  1496 | D:2      | 1496 ||| CASTING Summon Small Mammal
  1497 | D:2      | 1497 ||| CASTING Summon Small Mammal
  1498 | D:2      | 1498 ||| CASTING Summon Small Mammal
  1661 | D:2      | 1661 ||| CASTING Summon Small Mammal
  1662 | D:2      | 1662 ||| CASTING Summon Small Mammal
  1663 | D:2      | 1663 ||| CASTING Summon Small Mammal
  1664 | D:2      | 1664 ||| CASTING Summon Small Mammal
  1705 | D:2      | You fall into a shaft and drop 1 floor!
  1706 | D:3      | 1706 ||| READING scroll labelled DONGUY SAGAT.
  1733 | D:2      | 1733 ||| CASTING Summon Small Mammal
  1734 | D:2      | 1734 ||| CASTING Summon Small Mammal
  1735 | D:2      | 1735 ||| CASTING Summon Small Mammal
  1736 | D:2      | 1736 ||| CASTING Summon Small Mammal
  1739 | D:2      | Reached skill level 2 in Axes
  1744 | D:2      | 1744 ||| CASTING Summon Small Mammal
  1799 | D:2      | 1799 ||| CASTING Summon Small Mammal
  1800 | D:2      | 1800 ||| CASTING Summon Small Mammal
  1801 | D:2      | 1801 ||| CASTING Summon Small Mammal
  1802 | D:2      | 1802 ||| CASTING Summon Small Mammal
  1866 | D:2      | 1866 ||| CASTING Summon Small Mammal
  1924 | D:2      | 1924 ||| CASTING Summon Small Mammal
  1925 | D:2      | 1925 ||| CASTING Summon Small Mammal
  1926 | D:2      | 1926 ||| CASTING Summon Small Mammal
  1927 | D:2      | 1927 ||| CASTING Summon Small Mammal
  1986 | D:2      | Found a faded altar of an unknown god.
  2115 | D:2      | 2115 ||| CASTING Summon Small Mammal
  2116 | D:2      | 2116 ||| CASTING Summon Small Mammal
  2117 | D:2      | 2117 ||| CASTING Summon Small Mammal
  2118 | D:2      | 2118 ||| CASTING Summon Small Mammal
  2255 | D:2      | 2255 ||| CASTING Summon Small Mammal
  2256 | D:2      | 2256 ||| CASTING Summon Small Mammal
  2257 | D:2      | 2257 ||| CASTING Summon Small Mammal
  2258 | D:2      | 2258 ||| CASTING Summon Small Mammal
  2439 | D:2      | 2439 ||| READING scroll labelled LALUAZ NUSIRUKHLA.
  2462 | D:3      | 2462 ||| CASTING Summon Small Mammal
  2463 | D:3      | 2463 ||| STAIRDANCE
  2485 | D:3      | Reached XP level 4. HP: 15/36 MP: 5/5
  2485 | D:3      | 2485 ||| STAIRDANCE
  2710 | D:3      | 2710 ||| CASTING Summon Small Mammal
  2711 | D:3      | 2711 ||| CASTING Summon Small Mammal
  2712 | D:3      | 2712 ||| CASTING Summon Small Mammal
  2713 | D:3      | 2713 ||| CASTING Summon Small Mammal
  2715 | D:3      | 2715 ||| CASTING Summon Small Mammal
  2799 | D:3      | 2799 ||| CASTING Summon Small Mammal
  2800 | D:3      | 2800 ||| CASTING Summon Small Mammal
  2801 | D:3      | 2801 ||| CASTING Summon Small Mammal
  2802 | D:3      | 2802 ||| CASTING Summon Small Mammal
  2803 | D:3      | 2803 ||| CASTING Summon Small Mammal
  2863 | D:3      | 2863 ||| CASTING Summon Small Mammal
  2864 | D:3      | 2864 ||| CASTING Summon Small Mammal
  2865 | D:3      | 2865 ||| CASTING Summon Small Mammal
  2866 | D:3      | 2866 ||| CASTING Summon Small Mammal
  2867 | D:3      | 2867 ||| CASTING Summon Small Mammal
  2874 | D:3      | 2874 ||| CASTING Summon Small Mammal
  2951 | D:3      | 2951 ||| CASTING Summon Small Mammal
  2952 | D:3      | 2952 ||| CASTING Summon Small Mammal
  2953 | D:3      | 2953 ||| CASTING Summon Small Mammal
  2954 | D:3      | 2954 ||| CASTING Summon Small Mammal
  3017 | D:3      | 3017 ||| CASTING Summon Small Mammal
  3018 | D:3      | 3018 ||| CASTING Summon Small Mammal
  3019 | D:3      | 3019 ||| CASTING Summon Small Mammal
  3021 | D:3      | 3021 ||| CASTING Summon Small Mammal
  3062 | D:3      | 3062 ||| CASTING Summon Small Mammal
  3063 | D:3      | 3063 ||| CASTING Summon Small Mammal
  3064 | D:3      | 3064 ||| CASTING Summon Small Mammal
  3065 | D:3      | 3065 ||| CASTING Summon Small Mammal
  3153 | D:3      | 3153 ||| CASTING Summon Small Mammal
  3154 | D:3      | 3154 ||| CASTING Summon Small Mammal
  3155 | D:3      | 3155 ||| CASTING Summon Small Mammal
  3156 | D:3      | 3156 ||| CASTING Summon Small Mammal
  3157 | D:3      | 3157 ||| CASTING Summon Small Mammal
  3239 | D:3      | 3239 ||| SWAPPING to +0 war axe.
  3304 | D:3      | 3304 ||| CASTING Summon Small Mammal
  3305 | D:3      | 3305 ||| CASTING Summon Small Mammal
  3306 | D:3      | 3306 ||| CASTING Summon Small Mammal
  3307 | D:3      | 3307 ||| CASTING Summon Small Mammal
  3308 | D:3      | 3308 ||| CASTING Summon Small Mammal
  3374 | D:3      | 3374 ||| CASTING Summon Small Mammal
  3375 | D:3      | 3375 ||| CASTING Summon Small Mammal
  3376 | D:3      | 3376 ||| CASTING Summon Small Mammal
  3377 | D:3      | 3377 ||| CASTING Summon Small Mammal
  3378 | D:3      | 3378 ||| CASTING Summon Small Mammal
  3383 | D:3      | Reached skill level 3 in Axes
  3547 | D:3      | 3547 ||| UPGRADING to +0 leather armour.
  3557 | D:3      | 3557 ||| DROPPING +0 robe.
  3558 | D:3      | 3558 ||| UPGRADING to +0 chain mail.
  3568 | D:3      | 3568 ||| DROPPING +0 leather armour.
  3569 | D:3      | 3569 ||| READING scroll labelled VITAGU KUAPTA.
  3570 | D:3      | 3570 ||| READING scroll labelled ABLALOCWUO.
  3571 | D:3      | 3571 ||| READING scroll labelled DIHULE BENOF.
  3572 | D:3      | 3572 ||| READING 2 scrolls of identify.
  3572 | D:3      | 3572 ||| IDENTIFYING white potion
  3614 | D:4      | 3614 ||| Stepping ~*~*~tactically~*~*~ (stealth).
  3615 | D:4      | 3615 ||| STAIRDANCE
  3631 | D:4      | 3631 ||| STAIRDANCE
  3710 | D:4      | 3710 ||| STAIRDANCE
  3715 | D:4      | 3715 ||| STAIRDANCE
  3717 | D:4      | Reached skill level 1 in Armour
  3724 | D:4      | Noticed a black bear
  3725 | D:4      | 3725 ||| Stepping ~*~*~tactically~*~*~ (stealth).
  3744 | D:4      | HP: 8/36 [black bear (2)]
  3745 | D:4      | HP: 3/36 [black bear (3)]
  3746 | D:4      | Killed a black bear
  3747 | D:4      | Reached skill level 4 in Axes
  3747 | D:4      | Reached XP level 5. HP: 3/41 MP: 6/6
  3747 | D:4      | 3747 ||| STAIRDANCE
  4038 | D:4      | 4038 ||| Stepping ~*~*~tactically~*~*~ (stealth).
  4045 | D:4      | 4045 ||| Stepping ~*~*~tactically~*~*~ (stealth).
  4046 | D:4      | 4046 ||| Stepping ~*~*~tactically~*~*~ (stealth).
  4274 | D:4      | 4274 ||| Stepping ~*~*~tactically~*~*~ (stealth).
  4277 | D:4      | 4277 ||| Stepping ~*~*~tactically~*~*~ (stealth).
  4480 | D:4      | 4480 ||| READING scroll labelled AQEMAB LEBAAC.
  4483 | D:4      | 4483 ||| READING scroll labelled CEKAAMO PYEWNO.
  4484 | D:4      | 4484 ||| DRINKING 3 green potions.
  4485 | D:4      | 4485 ||| DRINKING 2 fizzy ruby potions.
  4486 | D:4      | 4486 ||| DRINKING 2 ruby potions.
  4487 | D:4      | 4487 ||| READING 3 scrolls of identify.
  4487 | D:4      | 4487 ||| IDENTIFYING golden potion
  4488 | D:4      | 4488 ||| DROPPING potion of flight.
  4507 | D:5      | Entered Level 5 of the Dungeon
  4574 | D:5      | Reached skill level 3 in Fighting
  4574 | D:5      | Reached XP level 6. HP: 30/51 MP: 7/7
  4702 | D:5      | 4702 ||| Stepping ~*~*~tactically~*~*~ (stealth).
  4703 | D:5      | 4703 ||| Stepping ~*~*~tactically~*~*~ (stealth).
  4716 | D:5      | HP: 11/51 [gnoll/+0 club[a gnoll bouda] (4)]
  4717 | D:5      | 4717 ||| DRINKING potion of heal wounds.
  4718 | D:5      | HP: 5/51 [gnoll bouda/+0 whip (8)]
  4719 | D:5      | Slain by a gnoll

Levels and vault maps discovered:
D:1:      denvon_arrival_planthouse, layout_basic, serial_shops,
          nicolae_shop_bloodbath_and_beyond, nicolae_lakefront_shop, shop,
          nicolae_shop_trees, nicolae_figureground_pulse
D:2:      layout_loops_cross, chequers_ecumenical_altar_twisty
D:3:      layout_rooms
D:4:      layout_basic
D:5:      layout_loops_ring, serial_shops, shop

Skill      XL: |  1  2  3  4  5 |
---------------+----------------+-----
Axes           | 1 2 4 |  4.1
Fighting       | 1 2 3 |  3.3
Armour         | 1 |  1.0
Dodging        | |  1.7
Stealth        | |  2.1
Spellcasting   | |  1.7
Summonings     | |  3.6

Action                   |  1- 3 |  4- 6 || total
-------------------------+-------+-------++-------
Melee: Hand axe          |    54 |    22 ||    76
       Punch             |     1 |     4 ||     5
       War axe           |       |   103 ||   103
 Cast: Summon Small Mamm |    59 |    37 ||    96
  Use: Scroll            |     4 |     7 ||    11
       Potion            |       |     4 ||     4
 Stab: Distracted        |       |     1 ||     1
Armor: Robe              |     6 |     3 ||     9
       Chain mail        |       |   107 ||   107
Dodge: Dodged            |    33 |    59 ||    92

Table legend:
 A = Non-vault XP
 B = Vault XP
 C = Vault XP percentage of total XP
 D = Non-vault monster count
 E = Vault monster count
 F = Vault count percentage of total count
                 A         B        C        D         E       F
            +---------+---------+-------+---------+---------+-------
      Total |     388 |       0 |   0.0 |      66 |       0 |   0.0
            +---------+---------+-------+---------+---------+-------
        D:1 |      36 |       0 |   0.0 |      14 |       0 |   0.0
        D:2 |      37 |       0 |   0.0 |      13 |       0 |   0.0
        D:3 |      73 |       0 |   0.0 |      19 |       0 |   0.0
        D:4 |     155 |       0 |   0.0 |      15 |       0 |   0.0
        D:5 |      87 |       0 |   0.0 |       5 |       0 |   0.0
            +---------+---------+-------+---------+---------+-------
